 Dungeon Crawl Stone Soup version 0.30-b1-2-g02819fbbbe (webtiles) character file.

Game seed: 1700433874282757581

13 Kahsius the Ruffian (level 2, 0/23 HPs)
             Began as a Draconian Transmuter on Oct 2, 2023.
             Succumbed to an adder's poison
             ... on level 2 of the Dungeon.
             The game lasted 00:01:46 (262 turns).

Kahsius the Ruffian (Draconian Transmuter)           Turns: 262, Time: 00:01:46

Health: 0/23       AC:  4    Str: 12    XL:     2   Next: 24%
Magic:  4/5        EV: 12    Int: 13    God:
Gold:   9          SH:  0    Dex: 11    Spells: 4/5 levels left

rFire   . .          .
                       - Unarmed
rCold   . . .        (no shield)
rNeg    . . .        (body armour unavailable)
rPois   .            (helmet currently unavailable)
rElec   .            (no cloak)
rCorr   .            (no gloves)
SInv    .            (boots currently unavailable)
Will    .....        (no amulet)
Stlth   +            (no ring)
HPRegen 0.23/turn    (no ring)
MPRegen 0.09/turn

%: no passive effects
@: lethally poisoned (0 -> -3), appendages, slowed, very slow
A: horns 2, talons 2, AC +4, unfitting armour, cold-blooded
a: End Transformation


You were on level 2 of the Dungeon.
You had temporarily grown beastly horns and talons.
You visited 1 branch of the dungeon, and saw 2 of its levels.

You collected 9 gold pieces.

Inventory:

Potions
 a - a potion of lignification
 b - a potion of curing {unknown}
 c - a potion of might {unknown}
 d - a potion of magic {unknown}


   Skills:
 + Level 1.5 Fighting
 - Level 1.8 Dodging
 + Level 3.1 Unarmed Combat
 + Level 2.2 Spellcasting
 + Level 2.2 Transmutations


You had 4 spell levels left.
You knew the following spells:

 Your Spells              Type           Power      Damage    Failure   Level
a - Beastly Appendage     Tmut           14%        N/A       10%         1

Your spell library contained the following spells:

 Spells                   Type           Power      Damage    Failure   Level
 Wereblood                Tmut           7%         N/A       16%         2
 Spider Form              Tmut/Pois      4%         N/A       43%         3
 Tukima's Dance           Hex            1%         N/A       58%         3
 Ice Form                 Ice/Tmut       4%         N/A       83%         4
 Passage of Golubria      Tloc           1%         N/A       94%         4
 Yara's Violent Unravell  Hex/Tmut       2%         3d3       99%         5


Dungeon Overview and Level Annotations

Branches:
Dungeon (1/15)

Altars:


Innate Abilities, Weirdness & Mutations

You have temporarily grown beastly horns and talons.
Your plain brown scales are hard. (AC +4)
You cannot fit into any form of body armour.
You are cold-blooded and may be slowed by cold attacks.


Message History

No target in view!
An endoplasm and a giant cockroach come into view.
A frilled lizard comes into view.
The endoplasm quivers. 2 adders and a dart slug come into view.
Found 7 stones and 18 gold pieces.
The adder hisses angrily. x2
Casting: Beastly Appendage (safe; 10% risk of failure)
Confirm with . or Enter, or press ? or * to list all spells.
You grow a pair of large bovine horns.
Your feet morph into talons.
The giant cockroach bites you. The dart slug bites you.
The giant cockroach bites you but does no damage.
You hit the giant cockroach but do no damage.
Your kick misses the giant cockroach. The giant cockroach barely misses you.
The endoplasm barely misses you. The dart slug bites you.
You hit the giant cockroach.
You claw the giant cockroach, but do no damage.
You headbutt the giant cockroach.
You kill the giant cockroach!
The endoplasm freezes you.
You are frozen.
You feel yourself slow down. The adder bites you.
You are too injured to fight recklessly!
You are too injured to fight recklessly!
You barely miss the endoplasm.
You headbutt the endoplasm, but do no damage.
The adder bites you.
You are poisoned.
The adder poisons you! The dart slug launches a dart at you.
The slug dart hits you.
* * * LOW HITPOINT WARNING * * *
The endoplasm closely misses you. The adder attacks as you move away!
The adder barely misses you. The endoplasm attacks as you move away!
The endoplasm closely misses you.
* * * LOW HITPOINT WARNING * * *
You feel sick. The adder bites you.
* * * LOW HITPOINT WARNING * * *
You miss the adder. Your headbutt misses the adder.
Your tail-slap misses the adder.
You die...

#.##$##.# ##.#...#.#
##..#...#.###
........... #.......#
##....S..##
..#$..lJw..(# # ..##
##S## .). ###
#..###.@.###$..## #..
................. #.#
##.#....#...##.#. #.#
#.#.#..##..# #.#
#.#.#..# ..#
#.#######.#....# ..#
###..............# ..#
.....###.#####........
###.####.# #.#.##....


You could see 2 adders, a dart slug, an endoplasm and a frilled lizard.

Vanquished Creatures
  A bat (D:2)
  An endoplasm (D:2)
  3 giant cockroaches (D:2)
  A goblin (D:2)
  2 kobolds (D:2)
  A quokka (D:2)
  A rat (D:2)
10 creatures vanquished.

Notes
Turn   | Place    | Note
-------+----------+-------------------------------------------
     0 | D:1      | Kahsius the Draconian Transmuter began the quest for the
                  | Orb.
     0 | D:1      | Reached XP level 1. HP: 16/16 MP: 3/3
     9 | D:1      | You fall into a shaft and drop 1 floor!
   127 | D:2      | Reached XP level 2. HP: 23/23 MP: 3/5
   261 | D:2      | HP: 1/23 [adder (4)]
   262 | D:2      | Succumbed to an adder's poison

Illustrated notes

Levels and vault maps discovered:
D:1:      wander_arrival_peaceful_grave, layout_basic
D:2:      layout_loops_ring, minmay_three_crescents

Action                     || total
---------------------------++-------
  Melee: Unarmed           ||    43
         Tailslap          ||     2
         Headbutt          ||     2
         Kick              ||     1
   Cast: Beastly Appendage ||     2
 Armour: Skin              ||    13
  Dodge: Dodged            ||    26
